 Dungeon Crawl Stone Soup version 0.28-a0-1033-g1a2f33fa85 (webtiles) character file.

Game seed: 11535820475619329727

10 ytrimaz the Scratcher (level 2, -2/12 HPs)
             Began as a Felid Transmuter on Dec 7, 2021.
             Slain by a gnoll (9 damage)
             ... on level 1 of the Dungeon.
             The game lasted 00:00:45 (281 turns).

ytrimaz the Scratcher (Felid Transmuter)             Turns: 281, Time: 00:00:45

Health: -2/12      AC:  1    Str:  6    XL:     2   Next: 10%
Magic:  5/6        EV: 17    Int: 14    God:
Gold:   26         SH:  0    Dex: 16    Spells: 4/5 levels left
                                        Lives:  0   Deaths: 0

rFire   . . .      SeeInvis +     - Unarmed
rCold   . . .      Faith    .   (shield unavailable)
rNeg    . . .      Spirit   .   (armour unavailable)
rPois   .          Reflect  .   (helmet unavailable)
rElec   .          Harm     .   (cloak unavailable)
rCorr   .          Rampage  .   (gloves unavailable)
Will    .....                   (boots unavailable)
Stlth   +.........              (no amulet)
HPRegen 0.04/turn               (no ring)
MPRegen 0.10/turn               (no ring)

@: appendages, quick
A: horns 2, very small, claws 1, fangs 3, see invisible, speed 1, shaggy fur 1,
stealthy paws, no weapons or thrown items, no armour, multi-lived
a: End Transformation


You were on level 1 of the Dungeon.
You had temporarily grown beastly horns.
You visited 1 branch of the dungeon, and saw 1 of its levels.

You collected 26 gold pieces.

You aren't carrying anything.


   Skills:
 - Level 1.0 Fighting
 * Level 3.0 Dodging
 + Level 3.2 Unarmed Combat
 * Level 2.1 Spellcasting
 + Level 2.3 Transmutations


You had 4 spell levels left.
You knew the following spells:

 Your Spells              Type           Power      Damage    Failure   Level
a - Beastly Appendage     Tmut           16%        N/A       9%          1

Your spell library contained the following spells:

 Spells                   Type           Power      Damage    Failure   Level
 Wereblood                Tmut           8%         N/A       14%         2
 Spider Form              Tmut/Pois      4%         N/A       41%         3
 Ice Form                 Ice/Tmut       4%         N/A       82%         4


Dungeon Overview and Level Annotations

Branches:
Dungeon (1/15)

Altars:


Innate Abilities, Weirdness & Mutations

You have temporarily grown beastly horns.
You have sharp claws.
You have razor-sharp teeth.
You have supernaturally acute eyesight. (SInv)
You cover ground quickly. (Speed+)
You are covered in fur. (AC +1)
Your paws help you pounce on unaware monsters.
You are incapable of wielding weapons or throwing items.
You cannot wear armour.
You gain extra lives every three experience levels.


Message History

Unknown command.
You enter the shallow water.
Moving in this stuff is going to be slow.
You enter the shallow water.
Moving in this stuff is going to be slow.
You enter the shallow water.
Moving in this stuff is going to be slow.
You enter the shallow water.
Moving in this stuff is going to be slow.
Found a dagger.
You aren't carrying any scrolls.
Unknown command.
Found a stone staircase leading down.
You see here a +0 dagger.
A dart slug comes into view.
You grow a pair of large bovine horns.
You claw the dart slug! You headbutt the dart slug.
You kill the dart slug!
You have reached level 2!
Found 14 arrows.
Your transformation is almost over.
You aren't carrying any scrolls.
Unknown command.
You see here 14 arrows.
Your horns disappear.
A gnoll is nearby!
The gnoll barely misses you.
You grow a pair of large bovine horns.
You scratch the gnoll but do no damage. The gnoll completely misses you.
You scratch the gnoll. Your headbutt misses the gnoll.
The gnoll is lightly wounded.
The gnoll hits you with a +0 flail.
You barely miss the gnoll.
The gnoll is lightly wounded.
The gnoll barely misses you.
You barely miss the gnoll.
The gnoll is lightly wounded.
The gnoll hits you with a +0 flail!
Ouch! That really hurt!
You die...

.#≈≈≈...≈≈..≈#.#...#.#######
.#≈≈..≈..≈≈.≈#...###(#
.#≈..≈≈≈.≈≈.≈#...).#.#
.#≈.≈≈.<.≈≈.≈#...###.#
.#≈.≈≈.≈≈g..≈#.....#.#
.#≈.≈≈..≈..≈≈#.#.#...#
.#≈..≈≈...≈≈≈#.#.#####
.#≈≈..≈≈≈≈≈≈.#.#g#
.##≈≈.......8..#@#
..#####++###...#.#
#..............#.#
#############..#.# #..#.#
...#.# ....#.# ...##.# .....


You could see a gnoll.

Vanquished Creatures
  A dart slug (D:1)
  3 jackals (D:1)
  A kobold (D:1)
  A quokka (D:1)
  A rat (D:1)
7 creatures vanquished.

Notes
Turn   | Place    | Note
-------+----------+-------------------------------------------
     0 | D:1      | ytrimaz the Felid Transmuter began the quest for the Orb.
     0 | D:1      | Reached XP level 1. HP: 9/9 MP: 4/4
   249 | D:1      | Reached XP level 2. HP: 12/12 MP: 4/6
   281 | D:1      | Slain by a gnoll

Illustrated notes

Levels and vault maps discovered:
D:1:      psy_arrival_whirlpool, layout_basic, ebering_ecumenical_altar_hall

Skill      XL: |  1 |
---------------+----+-----
Dodging        | 3 |  3.0
Fighting       | |  1.0
Unarmed Combat | |  3.2
Spellcasting   | |  2.1
Transmutations | |  2.3

Action                   || total
-------------------------++-------
Melee: Unarmed           ||    19
       Bite              ||     2
       Headbutt          ||     1
 Cast: Beastly Appendage ||     5
Dodge: Dodged            ||    13

Table legend: (Time is in decaauts)
 A = Elapsed time spent in this place.
 B = Non-inter-level travel time spent in this place.
 C = Inter-level travel time spent in this place.
 D = Time resting spent in this place.
 E = Time spent auto-exploring this place.
 F = Levels seen in this place.
 G = Mean time per level.
                   A        B        C        D        E       F      G
               +--------+--------+--------+--------+--------+-----+--------+
         Total |    238 |    238 |      0 |      0 |    105 |   1 |  238.0 |
       Dungeon |    238 |    238 |      0 |      0 |    105 |   1 |  238.0 |
               +--------+--------+--------+--------+--------+-----+--------+

Top non-repeatable levels by time:
     D:1: 238 daAuts
